Canucks vs Canadiens
Created - 8 novembre 2012 at 19:30
Simulating a Pre-Season
Goals
|
Canucks |
1 |
1 |
0 |
1 |
3 |
Canadiens |
1 |
0 |
1 |
0 |
2 |
|
Shots
|
Canucks |
7 |
5 |
15 |
2 |
29 |
Canadiens |
16 |
8 |
5 |
2 |
31 |
|
1st period
1. Canucks , Matt Stajan 2 (Clarke MacArthur) at 12:13
2. Canadiens , Ryan Bayda 1 (Alexei Yashin) at 17:45
Penalties :
Matt Carle (Mon) for Roughing (Minor) at 7:39, Éric Desjardins (Mon) for Interference (Minor) at 12:07, Kurtis Foster (Van) for Holding (Minor) at 12:07
2nd period
3. Canucks , Jiri Hudler 3 (Fabian Brunnstrom, David Jones) at 16:05 (PP)
Penalties :
Derian Hatcher (Van) for Tripping (Minor) at 0:59, Carey Price (Van) for Slashing (Minor) at 7:25 - Nikolai Zherdev served the penalty, Matt Carle (Mon) for Tripping (Minor) at 15:26, Shane O'Brien (Mon) for Slashing (Minor) at 18:51, Sheldon Keefe (Van) for Delaying the game (Minor) at 18:51
3rd period
4. Canadiens , Tyler Arnason 2 (Ryan Bayda, Marek Svatos) at 19:54 (PP)
Penalties :
Marek Svatos (Mon) for Hooking (Minor) at 1:20, Adam Burish (Van) for Roughing (Minor) at 19:17
Overtime #1
5. Canucks , Adam Burish 1 (Jiri Hudler, Joe Callahan) at 3:50
Penalties :
No Penalty
Goalie Stats
Carey Price (Van), 29 saves from 31 shots - (0,935), W, 3-3-0, 63:50 minutes
Kari Lehtonen (Mon), 26 saves from 29 shots - (0,897), OTL, 2-1-1, 63:06 minutes
Players Stats for Canucks
Player Name G A P +/- PIM S H SB GA TA FO MP PP MP PK MP
------------------------------------------------------------------------------------
Adam Burish 1 0 1 1 2 8 2 0 1 2 2/3 20:32 2:24 0:59
Chris Campoli 0 0 0 0 0 1 0 4 0 1 0/0 14:10 0:00 0:55
Chris Higgins 0 0 0 0 0 4 0 0 0 0 0/0 13:08 0:00 0:51
Clarke MacArthur 0 1 1 1 0 1 2 0 1 0 5/10 23:31 2:24 2:45
Daniel Paille 0 0 0 -1 0 0 1 0 0 0 0/0 8:43 0:00 0:00
David Jones 0 1 1 0 0 0 0 0 0 0 0/0 12:38 2:13 0:00
Derian Hatcher 0 0 0 0 2 0 2 0 2 1 0/0 27:57 3:06 1:42
Erik Christensen 0 0 0 -1 0 0 1 0 0 0 3/3 9:21 0:00 0:32
Fabian Brunnstrom 0 1 1 0 0 0 2 0 1 0 0/0 12:38 2:13 0:00
Jeff Woywitka 0 0 0 0 0 0 1 1 0 0 0/0 13:09 0:00 0:00
Jiri Hudler 1 1 2 1 0 1 1 0 1 0 3/9 16:23 2:13 0:59
Joe Callahan 0 1 1 1 0 1 1 0 0 0 0/0 22:10 1:31 1:20
Kurtis Foster 0 0 0 1 2 3 2 0 0 0 0/0 21:49 1:31 1:58
Mark Streit 0 0 0 0 0 1 1 1 2 0 0/0 29:04 3:06 3:15
Matt Stajan 1 0 1 1 0 6 2 0 0 0 8/20 24:43 2:24 2:45
Nikolai Zherdev 0 0 0 -1 0 0 1 0 0 0 1/2 9:36 0:00 0:19
Rickard Wallin 0 0 0 0 0 2 1 0 0 1 4/11 13:30 0:00 0:00
Sheldon Keefe 0 0 0 0 2 1 1 1 0 0 0/0 13:41 0:00 0:00
Players Stats for Canadiens
Player Name G A P +/- PIM S H SB GA TA FO MP PP MP PK MP
------------------------------------------------------------------------------------
Alexandre Daigle 0 0 0 0 0 1 1 0 0 0 0/0 10:19 0:02 0:00
Alexei Yashin 0 1 1 1 0 1 1 0 0 0 1/4 12:53 0:02 0:00
Donald Brashear 0 0 0 0 0 2 1 0 0 0 0/0 10:34 0:02 0:34
Duncan Keith 0 0 0 -1 0 4 2 2 2 0 0/0 31:14 2:56 3:00
Éric Desjardins 0 0 0 0 2 1 0 0 0 0 0/0 13:41 2:29 1:10
Marek Svatos 0 1 1 0 2 6 3 0 0 0 2/2 15:05 2:02 0:00
Mark Stuart 0 0 0 -1 0 1 1 2 0 3 0/0 25:38 1:39 2:51
Matt Carle 0 0 0 -1 4 2 3 0 0 2 0/0 19:24 1:39 0:55
Patrick Eaves 0 0 0 -2 0 3 3 3 0 1 2/2 23:12 2:31 1:17
Richard Zednik 0 0 0 1 0 0 0 0 1 0 0/0 10:12 0:00 0:00
Robert Nilsson 0 0 0 -2 0 1 0 0 1 0 17/32 24:22 2:31 2:46
Ryan Bayda 1 1 2 1 0 2 4 0 0 0 0/0 13:26 2:02 0:00
Ryane Clowe 0 0 0 0 0 0 0 0 1 0 0/0 14:01 0:00 0:34
Shane O'Brien 0 0 0 0 2 1 1 3 0 2 0/0 21:58 0:27 1:18
Tomas Holmstrom 0 0 0 0 0 3 4 0 0 0 0/3 18:48 2:31 2:46
Tyler Arnason 1 0 1 0 0 2 2 0 0 0 9/13 15:55 2:02 0:00
Tyler Sloan 0 0 0 1 0 0 0 3 0 0 0/0 13:02 0:00 0:00
Viktor Kozlov 0 0 0 0 0 1 1 0 0 0 1/2 12:56 0:00 1:17
3 Stars
1 - Ryan Bayda (Mon)
2 - Jiri Hudler (Van)
3 - Matt Stajan (Van)
Power Play
Canucks - 1 on 3 Attempt(s) - 33,33%
Canadiens - 1 on 3 Attempt(s) - 33,33%
Penalty Kill
Canucks - 2 on 3 Attempt(s) - 66,67%
- Score 0 goal in Penalty Kill
Canadiens - 2 on 3 Attempt(s) - 66,67%
- Score 0 goal in Penalty Kill
Official
Referees : Lee Chris and Sutherland Kelly
Linesman : Darren Gibbs and Greg Devorski
Game Notes
Éric Desjardins is injured at 13:51 of 2nd period (Torso)
16:05 of 2nd period - Canucks goal is going for a video replay. After video review, Goal.
Clarke MacArthur is injured at 2:24 of 1st overtime period (Right Hand)
Canucks
5 vs 5 Forward
Center Left Wing Right Wing Time % Phy DF OF
1 Matt Stajan Clarke MacArthur Adam Burish 40 1 2 2
2 Jiri Hudler Fabian Brunnstrom David Jones 30 1 2 2
3 Rickard Wallin Chris Higgins Sheldon Keefe 20 1 2 2
4 Erik Christensen Daniel Paille Nikolai Zherdev 10 1 2 2
5 vs 5 Defense
Defense Defense Time % Phy DF OF
1 Mark Streit Derian Hatcher 40 1 2 2
2 Kurtis Foster Joe Callahan 30 1 2 2
3 Jeff Woywitka Chris Campoli 20 1 2 2
4 Mark Streit Derian Hatcher 10 1 2 2
PowerPlay Forward
Center Left Wing Right Wing Time % Phy DF OF
1 Matt Stajan Clarke MacArthur Adam Burish 60 1 2 2
2 Jiri Hudler Fabian Brunnstrom David Jones 40 1 2 2
PowerPlay Defense
Defense Defense Time % Phy DF OF
1 Mark Streit Derian Hatcher 60 1 2 2
2 Kurtis Foster Joe Callahan 40 1 2 2
Penalty Kill 4 Players Forward
Center Wing Time % Phy DF OF
1 Clarke MacArthur Matt Stajan 60 1 2 2
2 Jiri Hudler Adam Burish 40 1 2 2
Penalty Kill 4 Players Defense
Defense Defense Time % Phy DF OF
1 Mark Streit Derian Hatcher 60 1 2 2
2 Kurtis Foster Joe Callahan 40 1 2 2
Penalty Kill - 3 Players Forward
Forward Time % Phy DF OF
1 Clarke MacArthur 60 1 2 2
2 Matt Stajan 40 1 2 2
Penalty Kill - 3 Players Defense
Defense Defense Time % Phy DF OF
1 Mark Streit Derian Hatcher 60 1 2 2
2 Kurtis Foster Joe Callahan 40 1 2 2
4 vs 4 Forward
Center Wing Time % Phy DF OF
1 Clarke MacArthur Matt Stajan 60 1 2 2
2 Jiri Hudler Adam Burish 40 1 2 2
4 vs 4 Defense
Defense Defense Time % Phy DF OF
1 Mark Streit Derian Hatcher 60 1 2 2
2 Kurtis Foster Joe Callahan 40 1 2 2
Last Minutes Offensive
Center Left Wing Right Wing Defense Defense
Matt Stajan Clarke MacArthur Adam Burish Mark Streit Derian Hatcher
Last Minutes Defensive
Center Left Wing Right Wing Defense Defense
Matt Stajan Clarke MacArthur Adam Burish Mark Streit Derian Hatcher
Goaltenders
Starting : Carey Price
Backup : Mike McKenna
Extra Forwards
Normal : Rickard Wallin, Sheldon Keefe, Nikolai Zherdev - PP : Rickard Wallin, Sheldon Keefe - PK : Nikolai Zherdev
Extra Defensemen
Normal : Jeff Woywitka, Chris Campoli, Kurtis Foster - PP : Jeff Woywitka - PK : Chris Campoli, Kurtis Foster
Penalty Shots
Clarke MacArthur, Matt Stajan, Jiri Hudler, Adam Burish, David Jones
Canadiens
5 vs 5 Forward
Center Left Wing Right Wing Time % Phy DF OF
1 Robert Nilsson Tomas Holmstrom Patrick Eaves 40 1 2 2
2 Tyler Arnason Ryane Clowe Marek Svatos 30 1 2 2
3 Alexei Yashin Ryan Bayda Richard Zednik 20 1 2 2
4 Viktor Kozlov Donald Brashear Alexandre Daigle 10 1 2 2
5 vs 5 Defense
Defense Defense Time % Phy DF OF
1 Duncan Keith Éric Desjardins 40 1 2 2
2 Matt Carle Mark Stuart 30 1 2 2
3 Shane O'Brien Tyler Sloan 20 1 2 2
4 Duncan Keith Éric Desjardins 10 1 2 2
PowerPlay Forward
Center Left Wing Right Wing Time % Phy DF OF
1 Robert Nilsson Tomas Holmstrom Patrick Eaves 60 1 2 2
2 Tyler Arnason Ryan Bayda Marek Svatos 40 1 2 2
PowerPlay Defense
Defense Defense Time % Phy DF OF
1 Duncan Keith Éric Desjardins 60 1 2 2
2 Matt Carle Mark Stuart 40 1 2 2
Penalty Kill 4 Players Forward
Center Wing Time % Phy DF OF
1 Robert Nilsson Tomas Holmstrom 60 1 2 2
2 Viktor Kozlov Patrick Eaves 40 1 2 2
Penalty Kill 4 Players Defense
Defense Defense Time % Phy DF OF
1 Duncan Keith Éric Desjardins 60 1 2 2
2 Matt Carle Mark Stuart 40 1 2 2
Penalty Kill - 3 Players Forward
Forward Time % Phy DF OF
1 Robert Nilsson 60 1 2 2
2 Viktor Kozlov 40 1 2 2
Penalty Kill - 3 Players Defense
Defense Defense Time % Phy DF OF
1 Duncan Keith Éric Desjardins 60 1 2 2
2 Mark Stuart Matt Carle 40 1 2 2
4 vs 4 Forward
Center Wing Time % Phy DF OF
1 Robert Nilsson Patrick Eaves 60 1 2 2
2 Viktor Kozlov Alexei Yashin 40 1 2 2
4 vs 4 Defense
Defense Defense Time % Phy DF OF
1 Duncan Keith Éric Desjardins 60 1 2 2
2 Matt Carle Mark Stuart 40 1 2 2
Last Minutes Offensive
Center Left Wing Right Wing Defense Defense
Robert Nilsson Tomas Holmstrom Patrick Eaves Duncan Keith Matt Carle
Last Minutes Defensive
Center Left Wing Right Wing Defense Defense
Viktor Kozlov Tomas Holmstrom Marek Svatos Duncan Keith Éric Desjardins
Goaltenders
Starting : Kari Lehtonen
Backup : Mikael Tellqvist
Extra Forwards
Normal : Tyler Arnason, Ryan Bayda, Ryane Clowe - PP : Tyler Arnason, Ryan Bayda - PK : Ryane Clowe
Extra Defensemen
Normal : Shane O'Brien, Mark Stuart, Matt Carle - PP : Shane O'Brien - PK : Mark Stuart, Matt Carle
Penalty Shots
Alexei Yashin, Robert Nilsson, Viktor Kozlov, Tomas Holmstrom, Tyler Arnason
% Time on Ice - Canucks
Lines # - Real PCT - Wanted PCT - Time Play
Normal Forward
1 - 30% - 40% - 13:49
2 - 26% - 30% - 12:16
3 - 25% - 20% - 11:38
4 - 19% - 10% - 8:43
Normal Defense
1 - 37% - 40% - 17:24
2 - 35% - 30% - 16:09
3 - 26% - 20% - 12:12
4 - 1% - 10% - 0:41
PP Forward
1 - 52% - 60% - 2:24
2 - 48% - 40% - 2:13
PP Defense
1 - 67% - 60% - 3:06
2 - 33% - 40% - 1:31
PK Forward
1 - 79% - 60% - 3:36
2 - 21% - 40% - 0:59
PK Defense
1 - 71% - 60% - 3:15
2 - 29% - 40% - 1:20
PK3 Forward
1 - 0% - 60%
2 - 0% - 40%
PK3 Defense
1 - 0% - 60%
2 - 0% - 40%
44 Forward
1 - 78% - 60% - 6:07
2 - 22% - 40% - 1:41
44 Defense
1 - 59% - 60% - 4:38
2 - 41% - 40% - 3:10
Last Minute Offensive - 0:00
Last Minute Defensive - 0:24
Total
Forward - 63:50
Defense - 63:50
|
% Time on Ice - Canadiens
Lines # - Real PCT - Wanted PCT - Time Play
Normal Forward
1 - 29% - 40% - 13:26
2 - 32% - 30% - 14:55
3 - 20% - 20% - 9:28
4 - 19% - 10% - 8:40
Normal Defense
1 - 44% - 40% - 20:31
2 - 25% - 30% - 11:36
3 - 23% - 20% - 10:34
4 - 8% - 10% - 3:48
PP Forward
1 - 56% - 60% - 2:33
2 - 44% - 40% - 2:02
PP Defense
1 - 64% - 60% - 2:56
2 - 36% - 40% - 1:39
PK Forward
1 - 72% - 60% - 3:20
2 - 28% - 40% - 1:17
PK Defense
1 - 75% - 60% - 3:29
2 - 25% - 40% - 1:08
PK3 Forward
1 - 0% - 60%
2 - 0% - 40%
PK3 Defense
1 - 0% - 60%
2 - 0% - 40%
44 Forward
1 - 77% - 60% - 6:00
2 - 23% - 40% - 1:48
44 Defense
1 - 79% - 60% - 6:08
2 - 21% - 40% - 1:40
Last Minute Offensive - 0:21
Last Minute Defensive - 0:00
Total
Forward - 63:50
Defense - 63:50
|
Play by Play
1st period
0:01 of 1st period - Robert Nilsson wins face-off versus Matt Stajan in neutral zone.
0:26 of 1st period - Marek Svatos is hit by Fabian Brunnstrom and loses puck.
1:29 of 1st period - Alexei Yashin is hit by Kurtis Foster and loses puck.
1:38 of 1st period - Slapshot by Fabian Brunnstrom.
1:38 of 1st period - Deflect By David Jones.
1:38 of 1st period - Shot Blocked by Shane O'Brien.
1:38 of 1st period - Puck is out of play.
1:39 of 1st period - Robert Nilsson wins face-off versus Clarke MacArthur in Canadiens zone.
2:04 of 1st period - Éric Desjardins is hit by Jeff Woywitka and loses puck.
2:17 of 1st period - Slapshot by Tomas Holmstrom.
2:17 of 1st period - Stopped by Carey Price with a rebound.
2:23 of 1st period - Backhand shot by Patrick Eaves.
2:23 of 1st period - Shot Blocked by Jeff Woywitka.
2:25 of 1st period - Wrist shot by Patrick Eaves.
2:25 of 1st period - Stopped by Carey Price with a rebound.
2:27 of 1st period - Snap shot by Éric Desjardins.
2:27 of 1st period - Shot Blocked by Chris Campoli.
2:29 of 1st period - Snap shot by Robert Nilsson.
2:29 of 1st period - Shot Misses the Net.
2:47 of 1st period - Backhand shot by Chris Higgins.
2:47 of 1st period - Shot Misses the Net.
3:03 of 1st period - Wrist shot by Patrick Eaves.
3:03 of 1st period - Deflect By Jeff Woywitka.
3:03 of 1st period - Stopped by Carey Price without a rebound.
3:04 of 1st period - Tyler Arnason wins face-off versus Matt Stajan in Canucks zone.
3:05 of 1st period - Snap shot by Marek Svatos.
3:05 of 1st period - Stopped by Carey Price without a rebound.
3:06 of 1st period - Adam Burish wins face-off versus Tyler Arnason in Canucks zone.
3:13 of 1st period - Wrist shot by Tyler Arnason.
3:13 of 1st period - Shot Misses the Net.
3:19 of 1st period - Backhand shot by Marek Svatos.
3:19 of 1st period - Stopped by Carey Price without a rebound.
3:20 of 1st period - Tyler Arnason wins face-off versus Jiri Hudler in Canucks zone.
3:31 of 1st period - Snap shot by Marek Svatos.
3:31 of 1st period - Stopped by Carey Price with a rebound.
5:09 of 1st period - Duncan Keith is hit by Mark Streit and loses puck.
5:50 of 1st period - Off-side.
5:51 of 1st period - Robert Nilsson wins face-off versus Matt Stajan in neutral zone.
6:02 of 1st period - Snap shot by Tomas Holmstrom.
6:02 of 1st period - Stopped by Carey Price with a rebound.
6:08 of 1st period - Tomas Holmstrom is hit by Matt Stajan and loses puck.
6:46 of 1st period - Snap shot by Ryan Bayda.
6:46 of 1st period - Shot Misses the Net.
6:48 of 1st period - Slapshot by Duncan Keith.
6:48 of 1st period - Stopped by Carey Price without a rebound.
6:49 of 1st period - Robert Nilsson wins face-off versus Matt Stajan in Canucks zone.
7:35 of 1st period - Mark Stuart is hit by Daniel Paille and loses puck.
7:39 of 1st period - Minor Penalty to Matt Carle for Roughing.
7:40 of 1st period - Robert Nilsson wins face-off versus Matt Stajan in Canadiens zone.
7:59 of 1st period - Éric Desjardins is hit by Matt Stajan and loses puck.
9:14 of 1st period - Snap shot by Patrick Eaves.
9:14 of 1st period - Deflect By Viktor Kozlov.
9:14 of 1st period - Stopped by Carey Price without a rebound.
9:15 of 1st period - Jiri Hudler wins face-off versus Viktor Kozlov in Canucks zone.
9:39 of 1st period - Penalty to Matt Carle is over, Matt Carle is back on ice.
9:40 of 1st period - Derian Hatcher is hit by Mark Stuart and loses puck.
9:47 of 1st period - Viktor Kozlov is hit by Adam Burish and loses puck.
10:29 of 1st period - Jeff Woywitka is hit by Marek Svatos and loses puck.
10:57 of 1st period - Matt Stajan is hit by Patrick Eaves and loses puck.
11:14 of 1st period - Duncan Keith is hit by Derian Hatcher.
11:24 of 1st period - Backhand shot by Duncan Keith.
11:24 of 1st period - Deflect By Chris Higgins.
11:24 of 1st period - Stopped by Carey Price with a rebound.
11:26 of 1st period - Wrist shot by Marek Svatos.
11:26 of 1st period - Stopped by Carey Price without a rebound.
11:27 of 1st period - Marek Svatos wins face-off versus Rickard Wallin in Canucks zone.
12:07 of 1st period - Minor Penalty to Éric Desjardins for Interference.
12:07 of 1st period - Minor Penalty to Kurtis Foster for Holding.
12:08 of 1st period - Clarke MacArthur wins face-off versus Robert Nilsson in Canadiens zone.
12:11 of 1st period - Slapshot by Matt Stajan.
12:11 of 1st period - Stopped by Kari Lehtonen with a rebound.
12:13 of 1st period - Wrist shot by Matt Stajan.
12:13 of 1st period - Goal by Matt Stajan - Canucks : 1 - Canadiens : 0.
12:14 of 1st period - Robert Nilsson wins face-off versus Clarke MacArthur in neutral zone.
12:17 of 1st period - Clarke MacArthur is hit by Patrick Eaves and loses puck.
13:29 of 1st period - Rickard Wallin is hit by Viktor Kozlov and loses puck.
14:07 of 1st period - Penalty to Éric Desjardins is over, Éric Desjardins is back on ice.
14:07 of 1st period - Penalty to Kurtis Foster is over, Kurtis Foster is back on ice.
14:16 of 1st period - Snap shot by Jiri Hudler.
14:16 of 1st period - Shot Hit the Post.
14:18 of 1st period - Wrist shot by Kurtis Foster.
14:18 of 1st period - Stopped by Kari Lehtonen with a rebound.
14:20 of 1st period - Snap shot by Adam Burish.
14:20 of 1st period - Stopped by Kari Lehtonen without a rebound.
14:21 of 1st period - Tyler Arnason wins face-off versus Rickard Wallin in Canadiens zone.
14:37 of 1st period - Rickard Wallin is hit by Matt Carle and loses puck.
14:52 of 1st period - Fabian Brunnstrom is hit by Ryan Bayda and loses puck.
15:17 of 1st period - Snap shot by Duncan Keith.
15:17 of 1st period - Stopped by Carey Price with a rebound.
15:51 of 1st period - Snap shot by Sheldon Keefe.
15:51 of 1st period - Stopped by Kari Lehtonen with a rebound.
15:59 of 1st period - Snap shot by Chris Higgins.
15:59 of 1st period - Deflect By Rickard Wallin.
15:59 of 1st period - Stopped by Kari Lehtonen without a rebound.
16:00 of 1st period - Alexei Yashin wins face-off versus Matt Stajan in Canadiens zone.
16:05 of 1st period - Slapshot by Duncan Keith.
16:05 of 1st period - Stopped by Carey Price with a rebound.
16:12 of 1st period - Slapshot by Éric Desjardins.
16:12 of 1st period - Stopped by Carey Price with a rebound.
16:14 of 1st period - Snap shot by Éric Desjardins.
16:14 of 1st period - Deflect By Ryan Bayda.
16:14 of 1st period - Stopped by Carey Price with a rebound.
17:45 of 1st period - Slapshot by Ryan Bayda.
17:45 of 1st period - Goal by Ryan Bayda - Canucks : 1 - Canadiens : 1.
17:46 of 1st period - Adam Burish wins face-off versus Robert Nilsson in neutral zone.
17:56 of 1st period - Off-side.
17:57 of 1st period - Robert Nilsson wins face-off versus Matt Stajan in neutral zone.
18:22 of 1st period - Adam Burish is hit by Alexei Yashin and loses puck.
18:29 of 1st period - Wrist shot by Ryan Bayda.
18:29 of 1st period - Shot Misses the Net.
18:46 of 1st period - Off-side.
18:47 of 1st period - Tyler Arnason wins face-off versus Jiri Hudler in neutral zone.
19:14 of 1st period - Derian Hatcher is hit by Tomas Holmstrom and loses puck.
19:39 of 1st period - Slapshot by Chris Campoli.
19:39 of 1st period - Stopped by Kari Lehtonen without a rebound.
19:40 of 1st period - Erik Christensen wins face-off versus Alexei Yashin in Canadiens zone.
19:49 of 1st period - Snap shot by Ryan Bayda.
19:49 of 1st period - Deflect By Richard Zednik.
19:49 of 1st period - Shot Misses the Net.
19:49 of 1st period - Puck is out of play.
19:50 of 1st period - Matt Stajan wins face-off versus Robert Nilsson in Canucks zone.
19:50 of 1st period - Matt Stajan is hit by Tomas Holmstrom.
2nd period
0:01 of 2nd period - Matt Stajan wins face-off versus Tomas Holmstrom in neutral zone.
0:13 of 2nd period - Snap shot by Clarke MacArthur.
0:13 of 2nd period - Shot Blocked by Patrick Eaves.
0:25 of 2nd period - Marek Svatos is hit by Jiri Hudler and loses puck.
0:35 of 2nd period - Icing by Tyler Arnason.
0:36 of 2nd period - Matt Stajan wins face-off versus Tyler Arnason in Canadiens zone.
0:47 of 2nd period - Slapshot by Clarke MacArthur.
0:47 of 2nd period - Deflect By Adam Burish.
0:47 of 2nd period - Stopped by Kari Lehtonen without a rebound.
0:48 of 2nd period - Matt Stajan wins face-off versus Robert Nilsson in Canadiens zone.
0:59 of 2nd period - Minor Penalty to Derian Hatcher for Tripping.
1:00 of 2nd period - Robert Nilsson wins face-off versus Clarke MacArthur in Canucks zone.
1:09 of 2nd period - Snap shot by Patrick Eaves.
1:09 of 2nd period - Stopped by Carey Price with a rebound.
2:16 of 2nd period - Icing by Matt Carle.
2:17 of 2nd period - Nikolai Zherdev wins face-off versus Robert Nilsson in Canadiens zone.
2:59 of 2nd period - Penalty to Derian Hatcher is over, Derian Hatcher is back on ice.
3:17 of 2nd period - Slapshot by Derian Hatcher.
3:17 of 2nd period - Shot Blocked by Tyler Sloan.
5:11 of 2nd period - Mark Stuart is hit by Derian Hatcher and loses puck.
5:27 of 2nd period - Off-side.
5:28 of 2nd period - Patrick Eaves wins face-off versus Matt Stajan in neutral zone.
5:31 of 2nd period - Patrick Eaves is hit by Clarke MacArthur and loses puck.
5:53 of 2nd period - Icing by Kurtis Foster.
5:54 of 2nd period - Marek Svatos wins face-off versus Jiri Hudler in Canucks zone.
6:59 of 2nd period - Snap shot by Donald Brashear.
6:59 of 2nd period - Stopped by Carey Price without a rebound.
7:00 of 2nd period - Viktor Kozlov wins face-off versus Nikolai Zherdev in Canucks zone.
7:03 of 2nd period - Slapshot by Viktor Kozlov.
7:03 of 2nd period - Shot Misses the Net.
7:05 of 2nd period - Slapshot by Matt Carle.
7:05 of 2nd period - Shot Blocked by Chris Campoli.
7:11 of 2nd period - Snap shot by Alexandre Daigle.
7:11 of 2nd period - Stopped by Carey Price with a rebound.
7:13 of 2nd period - Snap shot by Donald Brashear.
7:13 of 2nd period - Shot Blocked by Chris Campoli.
7:15 of 2nd period - Slapshot by Mark Stuart.
7:15 of 2nd period - Stopped by Carey Price with a rebound.
7:17 of 2nd period - Snap shot by Matt Carle.
7:17 of 2nd period - Deflect By Nikolai Zherdev.
7:17 of 2nd period - Stopped by Carey Price with a rebound.
7:19 of 2nd period - Wrist shot by Donald Brashear.
7:19 of 2nd period - Shot Hit the Post.
7:25 of 2nd period - Backhand shot by Donald Brashear.
7:25 of 2nd period - Stopped by Carey Price without a rebound.
7:25 of 2nd period - Minor Penalty to Carey Price for Slashing.
7:26 of 2nd period - Matt Stajan wins face-off versus Tomas Holmstrom in Canucks zone.
9:25 of 2nd period - Penalty to Nikolai Zherdev is over, Nikolai Zherdev is back on ice.
10:51 of 2nd period - Duncan Keith is hit by Joe Callahan and loses puck.
11:48 of 2nd period - Snap shot by Fabian Brunnstrom.
11:48 of 2nd period - Shot Misses the Net.
12:18 of 2nd period - Nikolai Zherdev is hit by Matt Carle and loses puck.
12:29 of 2nd period - Slapshot by Joe Callahan.
12:29 of 2nd period - Stopped by Kari Lehtonen without a rebound.
12:30 of 2nd period - Tyler Arnason wins face-off versus Jiri Hudler in Canadiens zone.
12:35 of 2nd period - Slapshot by Tyler Arnason.
12:35 of 2nd period - Stopped by Carey Price with a rebound.
12:37 of 2nd period - Wrist shot by Éric Desjardins.
12:37 of 2nd period - Shot Blocked by Chris Campoli.
12:39 of 2nd period - Slapshot by Tyler Arnason.
12:39 of 2nd period - Shot Misses the Net.
12:53 of 2nd period - Robert Nilsson is hit by Clarke MacArthur and loses puck.
13:00 of 2nd period - Clarke MacArthur is hit by Shane O'Brien and loses puck.
13:15 of 2nd period - Shane O'Brien is hit by Sheldon Keefe and loses puck.
13:39 of 2nd period - Snap shot by Erik Christensen.
13:39 of 2nd period - Shot Misses the Net.
13:50 of 2nd period - Éric Desjardins is hit by Nikolai Zherdev and loses puck.
13:51 of 2nd period - Éric Desjardins from Canadiens is injured at 13:51 of 2nd period (Torso).
13:52 of 2nd period - Matt Stajan wins face-off versus Robert Nilsson in Canadiens zone.
13:57 of 2nd period - Snap shot by Clarke MacArthur.
13:57 of 2nd period - Shot Blocked by Patrick Eaves.
14:25 of 2nd period - Slapshot by Mark Streit.
14:25 of 2nd period - Stopped by Kari Lehtonen without a rebound.
14:26 of 2nd period - Robert Nilsson wins face-off versus Jiri Hudler in Canadiens zone.
14:26 of 2nd period - Robert Nilsson is hit by Fabian Brunnstrom.
14:52 of 2nd period - Duncan Keith is hit by Erik Christensen and loses puck.
15:03 of 2nd period - Snap shot by Erik Christensen.
15:03 of 2nd period - Shot Misses the Net.
15:05 of 2nd period - Slapshot by Mark Streit.
15:05 of 2nd period - Shot Misses the Net.
15:21 of 2nd period - Icing by Chris Higgins.
15:22 of 2nd period - Robert Nilsson wins face-off versus Rickard Wallin in Canucks zone.
15:26 of 2nd period - Minor Penalty to Matt Carle for Tripping.
15:27 of 2nd period - Robert Nilsson wins face-off versus Matt Stajan in Canadiens zone.
16:03 of 2nd period - Wrist shot by Fabian Brunnstrom.
16:03 of 2nd period - Shot Misses the Net.
16:05 of 2nd period - Slapshot by Jiri Hudler.
16:05 of 2nd period - Canucks goal is going for a video replay.
16:05 of 2nd period - The goal is good.
16:05 of 2nd period - Goal by Jiri Hudler - Canucks : 2 - Canadiens : 1.
16:06 of 2nd period - Tyler Arnason wins face-off versus Adam Burish in neutral zone.
16:12 of 2nd period - Off-side.
16:13 of 2nd period - Tyler Arnason wins face-off versus Matt Stajan in neutral zone.
16:20 of 2nd period - Snap shot by Marek Svatos.
16:20 of 2nd period - Stopped by Carey Price with a rebound.
16:36 of 2nd period - Slapshot by Tyler Arnason.
16:36 of 2nd period - Shot Misses the Net.
16:42 of 2nd period - Snap shot by Clarke MacArthur.
16:42 of 2nd period - Shot Blocked by Duncan Keith.
16:44 of 2nd period - Snap shot by Adam Burish.
16:44 of 2nd period - Stopped by Kari Lehtonen without a rebound.
16:45 of 2nd period - Robert Nilsson wins face-off versus Jiri Hudler in Canadiens zone.
17:07 of 2nd period - Icing by Mark Stuart.
17:08 of 2nd period - Rickard Wallin wins face-off versus Alexei Yashin in Canadiens zone.
18:45 of 2nd period - Chris Higgins is hit by Tomas Holmstrom and loses puck.
18:51 of 2nd period - Minor Penalty to Shane O'Brien for Slashing.
18:51 of 2nd period - Minor Penalty to Sheldon Keefe for Delaying the game.
18:52 of 2nd period - Matt Stajan wins face-off versus Robert Nilsson in Canucks zone.
19:28 of 2nd period - Snap shot by Jiri Hudler.
19:28 of 2nd period - Shot Misses the Net.
19:57 of 2nd period - Icing by Mark Stuart.
19:58 of 2nd period - Rickard Wallin wins face-off versus Robert Nilsson in Canadiens zone.
3rd period
0:01 of 3rd period - Clarke MacArthur wins face-off versus Robert Nilsson in neutral zone.
0:16 of 3rd period - Icing by Derian Hatcher.
0:17 of 3rd period - Robert Nilsson wins face-off versus Clarke MacArthur in Canucks zone.
0:22 of 3rd period - Snap shot by Robert Nilsson.
0:22 of 3rd period - Shot Misses the Net.
0:51 of 3rd period - Penalty to Shane O'Brien is over, Shane O'Brien is back on ice.
0:51 of 3rd period - Penalty to Sheldon Keefe is over, Sheldon Keefe is back on ice.
1:09 of 3rd period - Snap shot by Alexei Yashin.
1:09 of 3rd period - Stopped by Carey Price with a rebound.
1:15 of 3rd period - Slapshot by Joe Callahan.
1:15 of 3rd period - Deflect By Jiri Hudler.
1:15 of 3rd period - Shot Misses the Net.
1:15 of 3rd period - Puck is out of play.
1:16 of 3rd period - Erik Christensen wins face-off versus Tyler Arnason in Canadiens zone.
1:20 of 3rd period - Minor Penalty to Marek Svatos for Hooking.
1:21 of 3rd period - Robert Nilsson wins face-off versus Matt Stajan in Canadiens zone.
2:19 of 3rd period - Matt Carle is hit by Kurtis Foster and loses puck.
3:20 of 3rd period - Penalty to Marek Svatos is over, Marek Svatos is back on ice.
3:31 of 3rd period - Snap shot by Alexei Yashin.
3:31 of 3rd period - Shot Misses the Net.
3:49 of 3rd period - Icing by Rickard Wallin.
3:50 of 3rd period - Tyler Arnason wins face-off versus Rickard Wallin in Canucks zone.
3:53 of 3rd period - Snap shot by Ryane Clowe.
3:53 of 3rd period - Shot Blocked by Sheldon Keefe.
3:55 of 3rd period - Snap shot by Marek Svatos.
3:55 of 3rd period - Stopped by Carey Price with a rebound.
3:57 of 3rd period - Slapshot by Matt Carle.
3:57 of 3rd period - Deflect By Kurtis Foster.
3:57 of 3rd period - Stopped by Carey Price with a rebound.
4:07 of 3rd period - Snap shot by Sheldon Keefe.
4:07 of 3rd period - Deflect By Chris Higgins.
4:07 of 3rd period - Stopped by Kari Lehtonen with a rebound.
4:09 of 3rd period - Slapshot by Kurtis Foster.
4:09 of 3rd period - Stopped by Kari Lehtonen with a rebound.
4:11 of 3rd period - Slapshot by Chris Higgins.
4:11 of 3rd period - Stopped by Kari Lehtonen without a rebound.
4:12 of 3rd period - Matt Stajan wins face-off versus Tomas Holmstrom in Canadiens zone.
4:13 of 3rd period - Wrist shot by Clarke MacArthur.
4:13 of 3rd period - Stopped by Kari Lehtonen with a rebound.
4:15 of 3rd period - Wrist shot by Matt Stajan.
4:15 of 3rd period - Shot Hit the Post.
4:17 of 3rd period - Slapshot by Mark Streit.
4:17 of 3rd period - Deflect By Adam Burish.
4:17 of 3rd period - Stopped by Kari Lehtonen with a rebound.
4:19 of 3rd period - Snap shot by Matt Stajan.
4:19 of 3rd period - Stopped by Kari Lehtonen with a rebound.
4:23 of 3rd period - Wrist shot by Clarke MacArthur.
4:23 of 3rd period - Shot Misses the Net.
4:27 of 3rd period - Wrist shot by Adam Burish.
4:27 of 3rd period - Stopped by Kari Lehtonen with a rebound.
5:19 of 3rd period - Snap shot by Chris Higgins.
5:19 of 3rd period - Shot Blocked by Mark Stuart.
5:21 of 3rd period - Snap shot by Chris Higgins.
5:21 of 3rd period - Shot Misses the Net.
5:33 of 3rd period - Rickard Wallin is hit by Matt Carle.
5:49 of 3rd period - Chris Campoli is hit by Tomas Holmstrom and loses puck.
6:02 of 3rd period - Jeff Woywitka is hit by Marek Svatos.
6:08 of 3rd period - Snap shot by Matt Stajan.
6:08 of 3rd period - Stopped by Kari Lehtonen with a rebound.
6:32 of 3rd period - Alexandre Daigle is hit by Adam Burish and loses puck.
6:39 of 3rd period - Wrist shot by Matt Stajan.
6:39 of 3rd period - Shot Misses the Net.
6:49 of 3rd period - Slapshot by Kurtis Foster.
6:49 of 3rd period - Shot Blocked by Mark Stuart.
6:51 of 3rd period - Slapshot by Kurtis Foster.
6:51 of 3rd period - Shot Misses the Net.
7:17 of 3rd period - Snap shot by Matt Stajan.
7:17 of 3rd period - Shot Misses the Net.
7:19 of 3rd period - Wrist shot by Matt Stajan.
7:19 of 3rd period - Shot Blocked by Duncan Keith.
7:21 of 3rd period - Wrist shot by Matt Stajan.
7:21 of 3rd period - Stopped by Kari Lehtonen with a rebound.
7:57 of 3rd period - Wrist shot by Matt Stajan.
7:57 of 3rd period - Stopped by Kari Lehtonen with a rebound.
8:21 of 3rd period - Snap shot by Adam Burish.
8:21 of 3rd period - Stopped by Kari Lehtonen with a rebound.
8:47 of 3rd period - Slapshot by Kurtis Foster.
8:47 of 3rd period - Stopped by Kari Lehtonen without a rebound.
8:48 of 3rd period - Jiri Hudler wins face-off versus Robert Nilsson in Canadiens zone.
9:14 of 3rd period - Derian Hatcher is hit by Marek Svatos and loses puck.
9:24 of 3rd period - Icing by Derian Hatcher.
9:25 of 3rd period - Rickard Wallin wins face-off versus Robert Nilsson in Canucks zone.
9:44 of 3rd period - Snap shot by Sheldon Keefe.
9:44 of 3rd period - Shot Blocked by Tyler Sloan.
9:46 of 3rd period - Slapshot by Mark Streit.
9:46 of 3rd period - Shot Blocked by Shane O'Brien.
9:48 of 3rd period - Wrist shot by Rickard Wallin.
9:48 of 3rd period - Stopped by Kari Lehtonen with a rebound.
9:50 of 3rd period - Snap shot by Sheldon Keefe.
9:50 of 3rd period - Shot Blocked by Tyler Sloan.
9:52 of 3rd period - Wrist shot by Rickard Wallin.
9:52 of 3rd period - Deflect By Chris Higgins.
9:52 of 3rd period - Stopped by Kari Lehtonen with a rebound.
10:00 of 3rd period - Snap shot by Chris Higgins.
10:00 of 3rd period - Shot Misses the Net.
10:08 of 3rd period - Wrist shot by Chris Higgins.
10:08 of 3rd period - Stopped by Kari Lehtonen without a rebound.
10:09 of 3rd period - Jiri Hudler wins face-off versus Robert Nilsson in Canadiens zone.
10:10 of 3rd period - Wrist shot by Fabian Brunnstrom.
10:10 of 3rd period - Shot Blocked by Patrick Eaves.
10:12 of 3rd period - Slapshot by Jiri Hudler.
10:12 of 3rd period - Shot Misses the Net.
10:24 of 3rd period - Fabian Brunnstrom is hit by Patrick Eaves and loses puck.
11:07 of 3rd period - Sheldon Keefe is hit by Tyler Arnason and loses puck.
12:01 of 3rd period - Chris Higgins is hit by Ryan Bayda and loses puck.
14:23 of 3rd period - Kurtis Foster is hit by Donald Brashear and loses puck.
16:29 of 3rd period - Mark Stuart is hit by Rickard Wallin and loses puck.
16:57 of 3rd period - Icing by Shane O'Brien.
16:58 of 3rd period - Tyler Arnason wins face-off versus Rickard Wallin in Canadiens zone.
18:05 of 3rd period - Icing by Erik Christensen.
18:06 of 3rd period - Erik Christensen wins face-off versus Tyler Arnason in Canucks zone.
18:06 of 3rd period - Erik Christensen is hit by Alexandre Daigle.
18:29 of 3rd period - Fabian Brunnstrom is hit by Ryan Bayda and loses puck.
18:48 of 3rd period - Backhand shot by Chris Higgins.
18:48 of 3rd period - Shot Misses the Net.
18:50 of 3rd period - Slapshot by Mark Streit.
18:50 of 3rd period - Shot Blocked by Shane O'Brien.
19:10 of 3rd period - Canadiens, Kari Lehtonen is pulled from the net.
19:14 of 3rd period - Snap shot by Tomas Holmstrom.
19:14 of 3rd period - Stopped by Carey Price without a rebound.
19:15 of 3rd period - Jacques Lemaire call a timeout for Canadiens.
19:15 of 3rd period - Robert Nilsson wins face-off versus Matt Stajan in Canucks zone.
19:16 of 3rd period - Snap shot by Patrick Eaves.
19:16 of 3rd period - Shot Misses the Net.
19:17 of 3rd period - Minor Penalty to Adam Burish for Roughing.
19:18 of 3rd period - Clarke MacArthur wins face-off versus Robert Nilsson in Canucks zone.
19:18 of 3rd period - Clarke MacArthur is hit by Duncan Keith.
19:44 of 3rd period - Derian Hatcher is hit by Tyler Arnason.
19:54 of 3rd period - Snap shot by Tyler Arnason.
19:54 of 3rd period - Goal by Tyler Arnason - Canucks : 2 - Canadiens : 2.
19:54 of 3rd period - Kari Lehtonen from Canadiens was sent back in the game.
19:55 of 3rd period - Rickard Wallin wins face-off versus Alexei Yashin in neutral zone.
19:58 of 3rd period - Snap shot by Sheldon Keefe.
19:58 of 3rd period - Shot Misses the Net.
Overtime #1
0:01 of 1st overtime period - Clarke MacArthur wins face-off versus Robert Nilsson in neutral zone.
0:09 of 1st overtime period - Off-side.
0:10 of 1st overtime period - Clarke MacArthur wins face-off versus Robert Nilsson in neutral zone.
0:18 of 1st overtime period - Wrist shot by Robert Nilsson.
0:18 of 1st overtime period - Shot Misses the Net.
0:20 of 1st overtime period - Slapshot by Shane O'Brien.
0:20 of 1st overtime period - Stopped by Carey Price without a rebound.
0:21 of 1st overtime period - Robert Nilsson wins face-off versus Clarke MacArthur in Canucks zone.
1:43 of 1st overtime period - Slapshot by Tyler Arnason.
1:43 of 1st overtime period - Shot Misses the Net.
2:23 of 1st overtime period - Clarke MacArthur is hit by Ryan Bayda.
2:24 of 1st overtime period - Clarke MacArthur from Canucks is injured at 2:24 of 1st overtime period (Right Hand).
2:25 of 1st overtime period - Robert Nilsson wins face-off versus Rickard Wallin in Canucks zone.
2:30 of 1st overtime period - Snap shot by Patrick Eaves.
2:30 of 1st overtime period - Shot Blocked by Mark Streit.
2:53 of 1st overtime period - Icing by Sheldon Keefe.
2:54 of 1st overtime period - Patrick Eaves wins face-off versus Rickard Wallin in Canucks zone.
2:55 of 1st overtime period - Wrist shot by Robert Nilsson.
2:55 of 1st overtime period - Stopped by Carey Price with a rebound.
3:15 of 1st overtime period - Sheldon Keefe is hit by Duncan Keith and loses puck.
3:40 of 1st overtime period - Slapshot by Adam Burish.
3:40 of 1st overtime period - Stopped by Kari Lehtonen with a rebound.
3:50 of 1st overtime period - Snap shot by Adam Burish.
3:50 of 1st overtime period - Goal by Adam Burish - Canucks : 3 - Canadiens : 2.
Output by the SimonT Hockey Simulator (STHS) for François Prévost -- Original Page W3C XHTML 1.0 Valid